 Dungeon Crawl Stone Soup version 0.28-a0-563-gf77a47075d (webtiles) character file.

Game seed: 2194663267356133372

60073 kae the Severer (level 14, -2/124 HPs)
             Began as a Hill Orc Fighter on Sept 29, 2021.
             Was a High Priest of Qazlal.
             Slain by an ogre (21 damage)
             ... on level 2 of the Orcish Mines on Sept 30, 2021.
             The game lasted 00:17:34 (23169 turns).

kae the Severer (Hill Orc Fighter)                 Turns: 23169, Time: 00:17:34

Health: -2/124     AC: 13    Str: 24    XL:     14   Next: 97%
Magic:  16/21      EV: 15    Int:  8    God:    Qazlal [*****.]
Gold:   1715       SH: 12    Dex: 10    Spells: 13/13 levels left

rFire   + + +      SeeInvis .   i - +5 war axe (flame)
rCold   + . .      Faith    .   c - +0 buckler
rNeg    . . .      Spirit   .   J - +2 ring mail of Awonics {Rampage Drain Regen+ rCorr}
rPois   .          Reflect  .   j - +0 helmet
rElec   .          Harm     .   h - scarf {rC+ rF+}
rCorr   +          Rampage  +   (no gloves)
Will    ++...                   A - +0 pair of boots
Stlth   ..........              (no amulet)
HPRegen 1.30/turn               l - ring of willpower
MPRegen 0.17/turn               t - ring of protection from fire

@: protected from fire, repel missiles
A: no striking features
a: Renounce Religion, Convert to Beogh, Upheaval, Elemental Force, Disaster Area


You were on level 2 of the Orcish Mines.
You worshipped Qazlal.
Qazlal was extremely pleased with you.
You visited 4 branches of the dungeon, and saw 22 of its levels.

You collected 1852 gold pieces.
You spent 137 gold pieces at shops.

Inventory:

Hand Weapons
 a - a +0 war axe
 i - a +5 war axe of flaming (weapon)
Missiles
 z - 8 throwing nets (quivered)
Armour
 b - a +0 scale mail
 c - a +0 buckler (worn)
 h - a scarf of resistance (worn)
 j - a +0 helmet (worn)
 v - a +0 ring mail of willpower
 A - a +0 pair of boots (worn)
 J - the +2 ring mail of Awonics (worn) {Rampage Drain Regen+ rCorr}
   (You found it on level 1 of the Lair of Beasts)

   Regen:     It increases your rate of health regeneration.
   rCorr:     It protects you from acid and corrosion.
   Drain:     It drains your maximum health when unequipped.
   Rampage:   It bestows one free step when moving towards enemies.
Jewellery
 l - a ring of willpower (left hand)
 t - a ring of protection from fire (right hand)
 K - a ring of magical power
 L - a ring of ice
 N - an amulet of the acrobat
 Q - a ring of ice
 U - a ring of protection from cold
 W - an amulet of guardian spirit
Wands
 q - a wand of acid (11)
 r - a wand of polymorph (22)
 B - a wand of iceblast (34)
 E - a wand of charming (8)
 G - a wand of digging (7)
 H - a wand of paralysis (12)
 P - a wand of mindburst (10)
 S - a wand of flame (18)
Scrolls
 k - 7 scrolls of identify
 p - 13 scrolls of teleportation
 s - 3 scrolls of fog
 x - 4 scrolls of blinking
 y - 2 scrolls of amnesia
 D - a scroll of holy word
 I - 2 scrolls of brand weapon
 M - a scroll of summoning
 O - a scroll of magic mapping
 R - 3 scrolls of enchant armour
 V - a scroll of silence
Potions
 d - 3 potions of might
 e - 5 potions of curing
 f - 2 potions of cancellation
 g - 7 potions of degeneration
 m - 6 potions of heal wounds
 n - 4 potions of haste
 o - 2 potions of attraction
 u - 2 potions of resistance
 w - 2 potions of lignification
 C - a potion of mutation
 F - 2 potions of brilliance
 T - a potion of magic


   Skills:
 + Level 11.0 Fighting
 - Level 20.0 Axes
 - Level 13.1 Armour
 - Level 13.3 Dodging
 - Level 5.0 Shields
 - Level 10.2 Invocations


You had 13 spell levels left.
You didn't know any spells.
Your spell library contained the following spells:

 Spells                   Type           Power      Damage    Failure   Level
 Animate Skeleton         Necr           0%         N/A       52%         1
 Pain                     Necr           0%         1d4       52%         1
 Sandblast                Erth           0%         2d4       52%         1
 Corpse Rot               Necr/Air       N/A        N/A       65%         2
 Passwall                 Tmut/Erth      0%         N/A       65%         2
 Poisonous Vapours        Pois/Air       0%         N/A       65%         2
 Slow                     Hex            0%         N/A       65%         2
 Static Discharge         Conj/Air       0%         N/A       65%         2
 Sublimation of Blood     Necr           0%         N/A       65%         2
 Call Canine Familiar     Summ           0%         N/A       87%         3
 Confusing Touch          Hex            0%         N/A       87%         3
 Portal Projectile        Hex/Tloc       0%         N/A       87%         3
 Stone Arrow              Conj/Erth      0%         3d7       87%         3
 Swiftness                Air            0%         N/A       87%         3
 Vampiric Draining        Necr           0%         2d6       87%         3
 Cause Fear               Hex            0%         N/A       99%         4
 Dispel Undead            Necr           0%         3d6       99%         4
 Leda's Liquefaction      Hex/Erth       0%         N/A       99%         4
 Petrify                  Tmut/Erth      0%         N/A       99%         4
 Sticky Flame             Conj/Fire      0%         2d3       99%         4
 Blade Hands              Tmut           0%         N/A       100%        5
 Excruciating Wounds      Necr           0%         N/A       100%        5
 Irradiate                Conj/Tmut      0%         3d13      100%        5
 Invisibility             Hex            0%         N/A       100%        6
 Dragon Form              Tmut           0%         N/A       100%        7
 Dragon's Call            Summ           0%         N/A       100%        9


Dungeon Overview and Level Annotations

Branches:
Dungeon (13/15)            Temple (1/1) D:4            Lair (6/6) D:8
  Swamp (0/4) Lair:3       Spider (0/4) Lair:3        Slime (0/5) Lair:5
    Orc (2/2) D:12            Elf (0/3) Orc:2
 Vaults: D:13-14

Altars:
Ashenzari
Cheibriados
Dithmenos
Elyvilon
Fedhas
Gozag
Hepliaklqana
Kikubaaqudgha
Makhleb
Nemelex Xobeh
Okawaru
Qazlal
Ru
Sif Muna
Trog
Uskayaw
Vehumet
Wu Jian
Xom
Yredelemnul
Zin
The Shining One
Beogh

Shops:
D:4 [   D:5 :   D:6 ?   D:7 ?   D:12 (   D:13 *

Annotations:
Lair:5 exclusion: oklob plant


Message History

The orc priest shouts, "Surrender to Beogh and we'll let you live!"
You hear a howl!
You hear a shout!
You block the orc's attack.
The orc hits your earth elemental with a +0 morningstar!
The orc warrior misses you. You block the orc warrior's attack.
The orc high priest utters an invocation to Beogh.
Send 'em back where they came from!
Your earth elemental disappears in a puff of smoke!
An orc comes into view. It is wielding a +0 flail.
An orc comes into view. It is wielding a +0 club.
You slice the orc!! You burn the orc.
You kill the orc!
Qazlal accepts your kill.
You barely miss the orc.
You hear a shout!
An orc wizard comes into view. It is wielding a +0 dagger.
A warg comes into view.
An orc comes into view. It is wielding a +0 whip.
The orc priest invokes the aid of Beogh against you.
Beogh smites you!
The orc warrior is engulfed in blazing flames.
The orc warrior hits you from afar with a +0 halberd!!
* * * LOW HITPOINT WARNING * * *
The orc warrior hits you from afar with a +0 halberd!!
* * * LOW HITPOINT WARNING * * *
You feel more protected from physical attacks.
The orc high priest shouts, "Surrender to Beogh and we'll let you live!"
You hear some strange, mumbled words.
A puff of flame appears from out of thin air!
The puff of flame hits you but does no damage.
Your resistance to physical damage fades away.
You feel protected from fire.
The orc priest mumbles some strange prayers to Beogh against you.
You resist with almost no effort.
The orc warrior is engulfed in blazing flames.
The orc warrior closely misses you.
The orc warrior is engulfed in freezing vapours.
The orc warrior completely misses you.
The ogre hits you with a +0 giant spiked club!!
You die...

**,** **,**,,,,,,,,,,,,,,,,,,,,,
*,,,* *,,..#*.........,,,,,,,,,,
**,** **,,..##....^..,.,,,,,,,,,
*** **,**,..#......,..,,,,,,,,,
*,,,,,,.......,...,,,,,,,,,
*,,,,,,,..oo.#..,o,,,,,,,,,
*****,*,,*,*§o{o.,.o.,,,,,,***
**,*********##)§#o..#.,,,,,****
*,,,** ****#)@§ooo...,,,*,**,,
**,,,****,,*##O)°o....,,,****,,
***,,,,*,,,,*#.O°h....,,,,***,,
**,*,,,,,,,,**##o.oo...,,,***8,,
**,,,,,,,,,,,,,**#.##...,,,,,*,,,
*,,,,,,,,,,,,,,,*,.#,,o.,,,,,*8,,
,,,,,,,,,,,,,,,,,,..,,,.,,,,,*,*,
*,,,,,,,,,,*,,,,,,.#.*,,,,,*,****
**,*,*,,,,*,**,,,,,,,,,**,,,,,***


You could see an orc knight, an orc high priest (strong), a warg, 4 orc
warriors, 2 ogres, an orc priest (strong), an orc wizard and 7 orcs.

Vanquished Creatures
  Frances (D:13)
  An orc warlord (Orc:1)
  Josephine (Orc:1)
  3 boulder beetles
  A catoblepas (Lair:3)
  7 hydras
  A centaur warrior (D:12)
  7 two-headed ogres
  2 tengu warriors (D:13)
  Sonja (Lair:1)
  Nergalle (Lair:2)
  An orc knight (D:12)
  A deep elf pyromancer (D:13)
  An orc sorcerer (Orc:1)
  2 ugly things (D:12)
  A manticore (D:12)
  A cyclops (D:13)
  8 elephants
  A black mamba (Lair:4)
  19 cane toads
  An unseen horror (D:12)
  8 komodo dragons
  An efreet (D:13)
  2 polar bears
  6 trolls
  3 hornets
  5 tyrant leeches
  4 slime creatures
  18 blink frogs
  6 wyverns
  2 shadows
  A water elemental (D:12)
  2 basilisks
  5 wraiths
  35 yaks
  7 vampire mosquitoes
  4 wargs
  2 swamp worms (Lair:3)
  Menkaure (D:7)
  8 water moccasins
  12 orc warriors
  A hornet zombie (D:8)
  An ice beast (D:5)
  2 black bears
  A sky beast (D:5)
  8 wolves
  5 ogres
  2 phantoms
  4 centaurs
  A kobold brigand (D:9)
  17 bullfrogs
  5 gnoll sergeants
  10 scorpions
  20 killer bees
  4 wights (D:8)
  5 electric eels
  2 howler monkeys
  4 centaur zombies
  A jelly (D:5)
  5 hounds
  A centaur skeleton (D:2)
  13 orc priests
  4 gnoll shamans
  6 iguanas
  11 orc wizards
  4 hell rats (Lair:6)
  A hound skeleton (D:5)
  A howler monkey zombie (D:9)
  9 adders
  36 gnolls
  A howler monkey skeleton (D:6)
  A shadow imp (D:5)
  A white imp (D:5)
  An adder skeleton (D:4)
  3 worms
  51 orcs
  5 endoplasms
  7 giant cockroaches
  6 goblins
  11 hobgoblins
  15 jackals
  5 quokkas
  5 ball pythons
  5 bats
  2 frilled lizards (D:1)
  15 kobolds
  2 rats
  A rat zombie (D:8)
  A butterfly (Lair:4)
516 creatures vanquished.

Vanquished Creatures (collateral kills)
  A bullfrog (D:7)
  An orc (Orc:2)
2 creatures vanquished.

Vanquished Creatures (others)
  27 fungi
  65 plants
92 creatures vanquished.

Grand Total: 610 creatures vanquished

Notes
Turn   | Place    | Note
-------+----------+-------------------------------------------
     0 | D:1      | kae the Hill Orc Fighter began the quest for the Orb.
     0 | D:1      | Reached XP level 1. HP: 19/19 MP: 1/1
    83 | D:1      | Reached skill level 3 in Axes
   146 | D:1      | Reached XP level 2. HP: 21/27 MP: 2/2
   453 | D:1      | Found a faded altar of an unknown god.
   963 | D:1      | Reached skill level 4 in Axes
  1216 | D:2      | Reached XP level 3. HP: 33/33 MP: 3/3
  1792 | D:2      | Reached skill level 5 in Axes
  1792 | D:2      | Reached XP level 4. HP: 35/41 MP: 4/4
  2303 | D:3      | Reached XP level 5. HP: 36/47 MP: 5/5
  2450 | D:3      | Reached skill level 5 in Fighting
  2450 | D:3      | Reached skill level 6 in Axes
  3084 | D:4      | Noticed an ogre
  3090 | D:4      | Reached XP level 6. HP: 55/56 MP: 6/6
  3105 | D:4      | Reached skill level 7 in Axes
  3361 | D:4      | Found a staircase to the Ecumenical Temple.
  3375 | D:4      | Found Pausin's Armour Emporium.
  3385 | Temple   | Entered the Ecumenical Temple
  3418 | Temple   | Became a worshipper of Qazlal Stormbringer
  3541 | D:4      | Noticed a black bear
  3546 | D:4      | Killed a black bear
  3547 | D:4      | Reached skill level 1 in Invocations
  3547 | D:4      | Reached XP level 7. HP: 51/62 MP: 6/8
  3621 | D:4      | Found a sparkling altar of Nemelex Xobeh.
  3933 | D:5      | Entered Level 5 of the Dungeon
  3996 | D:5      | Reached skill level 8 in Axes
  4232 | D:5      | Found an opulent altar of Gozag.
  4270 | D:5      | Found Ypnoh's Book Boutique.
  4599 | D:5      | Reached XP level 8. HP: 40/71 MP: 10/10
  4992 | D:5      | Reached skill level 5 in Armour
  5002 | D:5      | Reached * piety under Qazlal
  5173 | D:5      | Reached skill level 9 in Axes
  5965 | D:6      | Found Qyoxipne's Magic Scroll Shop.
  6163 | D:6      | Found a shimmering altar of Xom.
  6385 | D:6      | Bought a scroll of identify for 22 gold pieces
  6385 | D:6      | Bought a scroll of identify for 22 gold pieces
  6385 | D:6      | Bought a scroll of identify for 22 gold pieces
  6385 | D:6      | Bought a scroll of teleportation for 33 gold pieces
  6385 | D:6      | Bought a scroll of fear for 38 gold pieces
  6958 | D:7      | Reached skill level 10 in Axes
  7149 | D:7      | Reached XP level 9. HP: 72/79 MP: 12/12
  7257 | D:7      | Reached skill level 5 in Invocations
  7684 | D:7      | Noticed Menkaure
  7688 | D:7      | Killed Menkaure
  7754 | D:7      | Reached skill level 11 in Axes
  7773 | D:7      | Found Gonogam's Magic Scroll Emporium.
  8275 | D:8      | Noticed a two-headed ogre
  8281 | D:8      | Killed a two-headed ogre
  8467 | D:8      | Reached skill level 12 in Axes
  8468 | D:8      | Reached ** piety under Qazlal
  8631 | D:8      | Noticed a hornet
  8635 | D:8      | Reached XP level 10. HP: 82/90 MP: 15/15
  8840 | D:8      | Found a staircase to the Lair.
  8870 | D:8      | Found an ancient bone altar of Kikubaaqudgha.
  9291 | D:8      | Found a roughly hewn altar of Beogh.
  9588 | D:8      | Found a shadowy altar of Dithmenos.
  9589 | D:8      | Found a snail-covered altar of Cheibriados.
  9590 | D:8      | Found a hazy altar of Hepliaklqana.
  9590 | D:8      | Found a white marble altar of Elyvilon.
  9597 | D:8      | Reached skill level 13 in Axes
  9808 | D:9      | Reached skill level 17 in Axes
  9808 | D:9      | Reached XP level 11. HP: 97/97 MP: 16/16
 10578 | D:9      | Reached *** piety under Qazlal
 10589 | D:9      | Reached skill level 18 in Axes
 10750 | D:9      | Found a hide-covered altar of Uskayaw.
 10968 | D:9      | Found an iron altar of Okawaru.
 11109 | D:10     | Entered Level 10 of the Dungeon
 11222 | D:10     | Identified the +0 spear "Glorpo" {venom, Contam rN+ Will+
                  | Stlth+}
 11238 | D:10     | HP: 1/97 [poisoned by a gnoll sergeant]
 11792 | D:10     | Found a bloodstained altar of Trog.
 11834 | D:10     | Found a blossoming altar of Fedhas.
 12198 | D:10     | Reached **** piety under Qazlal
 12417 | D:10     | Noticed a two-headed ogre
 12431 | D:10     | Killed a two-headed ogre
 13110 | D:11     | Noticed a two-headed ogre
 13111 | D:11     | Noticed a two-headed ogre
 13115 | D:11     | Killed a two-headed ogre
 13116 | D:11     | Reached skill level 10 in Fighting
 13116 | D:11     | Reached XP level 12. HP: 98/106 MP: 18/18
 13121 | D:11     | Killed a two-headed ogre
 13309 | D:11     | Noticed a two-headed ogre
 13319 | D:11     | Killed a two-headed ogre
 13522 | D:11     | Noticed a two-headed ogre
 13533 | D:11     | Killed a two-headed ogre
 13966 | D:11     | Reached skill level 19 in Axes
 14274 | Lair:1   | Entered Level 1 of the Lair of Beasts
 14347 | Lair:1   | Noticed Sonja
 14349 | Lair:1   | Killed Sonja
 14604 | Lair:1   | Identified the +2 ring mail of Awonics {Rampage Drain
                  | Regen+ rCorr}
 14785 | Lair:1   | Reached skill level 10 in Invocations
 15138 | Lair:1   | Noticed a six-headed hydra
 15143 | Lair:1   | Killed a four-headed hydra
 15266 | Lair:1   | Found a broken altar of Ashenzari.
 15599 | Lair:2   | Reached skill level 20 in Axes
 15600 | Lair:2   | Reached skill level 10 in Armour
 15733 | Lair:2   | Reached XP level 13. HP: 116/116 MP: 20/20
 15788 | Lair:2   | Noticed Nergalle
 15793 | Lair:2   | Reached ***** piety under Qazlal
 15808 | Lair:2   | Killed Nergalle
 15809 | Lair:2   | Reached skill level 5 in Dodging
 16477 | Lair:3   | Found a hole to the Spider Nest.
 16557 | Lair:3   | Reached skill level 10 in Dodging
 17007 | Lair:3   | Found a staircase to the Swamp.
 18918 | Lair:5   | Found a staircase to the Slime Pits.
 19048 | Lair:6   | Entered Level 6 of the Lair of Beasts
 19132 | Lair:6   | Reached XP level 14. HP: 122/124 MP: 21/21
 19276 | Lair:6   | Reached skill level 5 in Shields
 20063 | Lair:6   | Reached ****** piety under Qazlal
 20833 | D:12     | Found a staircase to the Orcish Mines.
 20920 | D:12     | Found Ilyteiru's Weapon Shop.
 21748 | D:13     | Noticed Frances
 21760 | D:13     | Killed Frances
 22047 | D:13     | Found Fuabrit's General Store.
 22663 | Orc:1    | Entered Level 1 of the Orcish Mines
 22727 | Orc:1    | Noticed Josephine
 22746 | Orc:1    | Noticed an orc warlord
 22749 | Orc:1    | Killed Josephine
 22873 | Orc:1    | Killed an orc warlord
 23148 | Orc:2    | Entered Level 2 of the Orcish Mines
 23169 | Orc:2    | Slain by an ogre

Illustrated notes

Levels and vault maps discovered:
D:1:      psy_arrival_fountain, layout_loops_corners, basic_ecumenical_altar
D:2:      layout_basic
D:3:      layout_basic
D:4:      layout_loops_ring, lemuel_round_altar, minmay_temple_entry_slanted,
          serial_shops, nicolae_stop_n_shop_1, kennysheep_generic_room_16
D:5:      layout_loops_corners, lemuel_coloured_pillars_altar, serial_shops,
          nicolae_diamond_shop, fountainhead, grunt_ministairs_14
D:6:      layout_loops_ring, mainiacjoe_overflow_alcove_4, serial_shops,
          nicolae_shop_waterfront
D:7:      layout_cave_pools, serial_shops, nicolae_take_the_stairs,
          kennysheep_small_spiral, uniq_menkaure
D:8:      layout_loops_ring, lemuel_zombie_altar_kikubaaqudgha,
          chequers_temple_overflow_statue_of_worship, erik_lair_orcish_takeover,
          special_room [special_room_orc]
D:9:      layout_loops_ring, lemuel_crystal_altar, nicolae_uskayaw_suspiria,
          roderic_lattice_a, glass_columns_b
D:10:     layout_cave_pools, amcnicky_altar_gilded, lemuel_crystal_altar,
          serial_gnoll_camp, gnoll_camp_medium_01, gnoll_camp_medium_02,
          gnoll_camp_mini_doghouse, gnoll_camp_huts_basic, gnoll_camp_mini_hut
D:11:     layout_irregular_city
D:12:     layout_basic, orc_david_3
D:13:     minmay_spotlight, layout_grid_maze, serial_shops, shop, uniq_frances
Temple:   chequers_temple_sunken
Lair:1:   layout_regular_city, basic_altar, uniq_sonja
Lair:2:   layout_roguey, minivault_23, uniq_nergalle
Lair:3:   layout_loops_ring, palyth_hydra_swamp_entry,
          nicolae_spider_entry_non_spiders
Lair:4:   layout_cave_pods, lemuel_fruit_fields
Lair:5:   layout_roguey, minmay_slime_entry_oklob_open, fungi_pond_lemuel,
          wad_woods_road_04
Lair:6:   minmay_lair_end_frog_pond, layout_loops_ring
Orc:1:    layout_caves, uniq_erolcha, uniq_josephine
Orc:2:    st_orc_town, layout_caves, gauntlet_entry_generic, elf_legates

Skill      XL: |  1  2  3  4  5  6  7  8  9 10 11 12 13 14 |
---------------+-------------------------------------------+-----
Axes           | 3 4 5 6 7 8 10 12 17 18 20 | 20.0
Fighting       | 4 5 6 7 8 9 10 11 | 11.0
Armour         | 4 5 7 8 10 13 | 13.1
Invocations    | 1 3 4 6 7 9 10 | 10.2
Dodging        | 3 11 13 | 13.3
Shields        | 4 5 |  5.0

Action                   |  1- 3 |  4- 6 |  7- 9 | 10-12 | 13-15 || total
-------------------------+-------+-------+-------+-------+-------++-------
Melee: War axe           |    82 |   105 |   203 |   462 |   740 ||  1592
       Unarmed           |       |       |       |     3 |       ||     3
Throw: Throwing net      |       |       |       |     1 |       ||     1
Invok: Upheaval          |       |       |       |     2 |       ||     2
       Elemental Force   |       |       |       |       |     1 ||     1
Evoke: Wand              |       |       |     2 |     1 |       ||     3
  Use: Scroll            |     3 |     1 |    12 |    11 |     4 ||    31
       Potion            |       |     2 |       |     2 |       ||     4
 Stab: Distracted        |       |       |       |       |     1 ||     1
Armor: Scale mail        |    39 |    61 |    39 |       |       ||   139
       Ring mail         |       |       |    32 |   108 |   143 ||   283
Dodge: Dodged            |    39 |    45 |    87 |   121 |   245 ||   537
       Repelled          |       |       |       |       |     1 ||     1
Block: Buckler           |    24 |    14 |    43 |   154 |   311 ||   546

Table legend: (Time is in decaauts)
 A = Elapsed time spent in this place.
 B = Non-inter-level travel time spent in this place.
 C = Inter-level travel time spent in this place.
 D = Time resting spent in this place.
 E = Time spent auto-exploring this place.
 F = Levels seen in this place.
 G = Mean time per level.
                   A        B        C        D        E       F      G
               +--------+--------+--------+--------+--------+-----+--------+
         Total |  22978 |  21727 |   1251 |   3289 |  15515 |  22 | 1044.5 |
       Dungeon |  16615 |  15659 |    956 |   2828 |  10864 |  13 | 1278.1 |
        Temple |     50 |     37 |     13 |      0 |     21 |   1 |   50.0 |
          Lair |   5937 |   5663 |    274 |    422 |   4421 |   6 |  989.5 |
  Orcish Mines |    374 |    367 |      7 |     39 |    208 |   2 |  187.0 |
               +--------+--------+--------+--------+--------+-----+--------+

Top non-repeatable levels by time:
     D:5: 2038 daAuts
     D:9: 1868 daAuts
     D:8: 1521 daAuts
    D:10: 1485 daAuts
  Lair:1: 1363 daAuts
     D:1: 1282 daAuts
     D:7: 1259 daAuts
    D:13: 1185 daAuts
    D:11: 1174 daAuts
    D:12: 1094 daAuts
  Lair:3: 1081 daAuts
     D:6: 1051 daAuts
  Lair:6: 1041 daAuts
     D:3: 1001 daAuts
  Lair:4: 890 daAuts
